 Dungeon Crawl Stone Soup version 0.30-a0-52-g86a8295270 (webtiles) character file.

Game seed: 13862697802690894677

71 tatocazan the Trooper (level 4, -1/35 HPs)
             Began as a Demonspawn Fighter on Sept 6, 2022.
             Slain by a gnoll
             ... wielding a +1 halberd of pain
              (10 damage)
             ... on level 2 of the Dungeon.
             The game lasted 00:01:58 (2473 turns).

tatocazan the Trooper (Demonspawn Fighter)          Turns: 2473, Time: 00:01:59

Health: -1/35      AC: 11    Str: 18    XL:     4   Next: 5%
Magic:  4/4        EV:  6    Int: 10    God:
Gold:   67         SH:  4    Dex: 12    Spells: 3/3 levels left

rFire   . . .      SeeInvis .    a - +0 war axe
rCold   . . .      Faith    .    c - +0 buckler
rNeg    . . .      Spirit   .    j - +0 chain mail
rPois   .          Reflect  .    (no helmet)
rElec   .          Harm     .    (no cloak)
rCorr   .          Rampage  .    (no gloves)
Will    .....                    (no boots)
Stlth   ..........               (no amulet)
HPRegen 0.11/turn                (no ring)
MPRegen 0.09/turn                (no ring)

@: no status effects
A: icy blue scales 1
a: no special abilities


You were on level 2 of the Dungeon.
You visited 1 branch of the dungeon, and saw 2 of its levels.

You collected 67 gold pieces.

Inventory:

Hand Weapons
 a - a +0 war axe (weapon)
 h - a +0 morningstar
Missiles
 f - 4 boomerangs (quivered)
Armour
 b - a +0 scale mail
 c - a +0 buckler (worn)
 j - a +0 chain mail (worn)
Scrolls
 e - a scroll of vulnerability {unknown}
 i - a scroll of magic mapping {unknown}
 k - a scroll of identify {unknown}
Potions
 d - a potion of might
 g - a potion of magic {unknown}
 l - a potion of heal wounds {unknown}


   Skills:
 + Level 3.5 Fighting
 + Level 2.4 Axes
 + Level 3.2 Armour
 + Level 3.2 Shields


You had 3 spell levels left.
You didn't know any spells.
Your spell library contained the following spells:

 Spells                   Type           Power      Damage    Failure   Level
 Ensorcelled Hibernation  Hex/Ice        0%         N/A       100%        2
 Spider Form              Tmut/Pois      0%         N/A       100%        3
 Anguish                  Hex/Necr       0%         N/A       100%        4


Dungeon Overview and Level Annotations

Branches:
Dungeon (2/15)

Altars:


Innate Abilities, Weirdness & Mutations

You are partially covered in icy blue scales. (AC +2)


Message History

You climb downwards.
There is a stone staircase leading up, spattered with blood here.
The gnoll hits you with a +1 halberd of pain!
You take 10 damage, and have 25/35 hp.
MASSIVE DAMAGE!!
You hit the gnoll.
The gnoll is moderately wounded.
The gnoll hits you with a +1 halberd of pain.
You take 2 damage, and have 23/35 hp.
You closely miss the gnoll.
The gnoll is moderately wounded.
The gnoll hits you with a +1 halberd of pain.
You take 1 damage, and have 22/35 hp.
You hit the gnoll.
The gnoll is heavily wounded.
The gnoll barely misses you. You block the gnoll's attack.
You closely miss the gnoll.
The gnoll is heavily wounded.
The gnoll barely misses you.
You completely miss the gnoll.
The gnoll is heavily wounded.
The gnoll hits you with a +1 halberd of pain. x2
You take 4 damage, and have 18/35 hp.
You completely miss the gnoll.
The gnoll is heavily wounded.
The gnoll hits you with a +1 halberd of pain.
You take 1 damage, and have 17/35 hp.
You closely miss the gnoll.
The gnoll is heavily wounded.
The gnoll hits you with a +1 halberd of pain.
You take 2 damage, and have 15/35 hp.
You hit the gnoll but do no damage.
The gnoll is heavily wounded.
The gnoll barely misses you.
The gnoll hits you with a +1 halberd of pain.
* * * LOW HITPOINT WARNING * * *
You take 6 damage, and have 9/35 hp.
You hit the gnoll.
The gnoll is almost dead.
The gnoll hits you with a +1 halberd of pain!
You die...

#...^......# ###.########
#..# ###.## #...# ##(###
#############..#### ##
..................#######...#
##########.....g@...<).)....#
.....##........###..>.#
######......)......####
#..........#### #.)........#
#..........# #..........#
...........## ##..........


You could see a gnoll.

Vanquished Creatures
  3 gnolls
  A worm (D:2)
  A dart slug (D:1)
  4 ball pythons
  4 endoplasms
  3 giant cockroaches
  5 goblins
  2 hobgoblins (D:2)
  3 jackals (D:1)
  2 quokkas (D:1)
  4 frilled lizards (D:1)
  2 rats (D:1)
34 creatures vanquished.

Notes
Turn   | Place    | Note
-------+----------+-------------------------------------------
     0 | D:1      | tatocazan the Demonspawn Fighter began the quest for the
                  | Orb.
     0 | D:1      | Reached XP level 1. HP: 18/18 MP: 1/1
   259 | D:1      | Gained mutation: You are partially covered in icy blue
                  | scales. (AC +2) [demonic ancestry]
   259 | D:1      | Reached XP level 2. HP: 24/24 MP: 2/2
   444 | D:1      | Found a faded altar of an unknown god.
   999 | D:1      | Reached XP level 3. HP: 29/29 MP: 3/3
  2155 | D:2      | Reached XP level 4. HP: 22/35 MP: 4/4
  2473 | D:2      | Slain by a gnoll

Illustrated notes

Levels and vault maps discovered:
D:1:      dpeg_arrival_rhombus, layout_loops_corners,
          hellmonk_ecumenical_altar_pennies_from_heaven, feat_on_display
D:2:      layout_rooms, minmay_split_cup_small

Skill      XL: |  1  2 |
---------------+-------+-----
Axes           | 2 |  2.4
Armour         | 3 |  3.2
Shields        | 3 |  3.2
Fighting       | |  3.5

Action                   |  1- 3 |  4- 6 || total
-------------------------+-------+-------++-------
Melee: War axe           |    95 |     9 ||   104
Throw: Boomerang         |     9 |       ||     9
Armor: Scale mail        |    52 |       ||    52
       Chain mail        |     8 |       ||     8
Dodge: Dodged            |    45 |     3 ||    48
Block: Buckler           |    25 |     2 ||    27

Table legend: (Time is in decaauts)
 A = Elapsed time spent in this place.
 B = Non-inter-level travel time spent in this place.
 C = Inter-level travel time spent in this place.
 D = Time resting spent in this place.
 E = Time spent auto-exploring this place.
 F = Levels seen in this place.
 G = Mean time per level.
                   A        B        C        D        E       F      G
               +--------+--------+--------+--------+--------+-----+--------+
         Total |   2526 |   2526 |      0 |   1153 |   1043 |   2 | 1263.0 |
       Dungeon |   2526 |   2526 |      0 |   1153 |   1043 |   2 | 1263.0 |
               +--------+--------+--------+--------+--------+-----+--------+

Top non-repeatable levels by time:
     D:1: 2121 daAuts
     D:2: 405 daAuts
